 Dungeon Crawl Stone Soup version 0.20-a0-936-gaf809b6 (webtiles) character file.

21753 M4edhros the Unseen (level 12, -5/87 HPs)
             Began as an Octopode Artificer on Mar 30, 2017.
             Was an Initiate of Gozag.
             Slain by a large slime creature (27 damage)
             ... on level 13 of the Dungeon.
             The game lasted 00:28:15 (14578 turns).

M4edhros the Unseen (Octopode Artificer)           Turns: 14578, Time: 00:28:16

Health: -5/87      AC:  5    Str:  6    XL:     12   Next: 93%
Magic:  19/19      EV: 24    Int: 14    God:    Gozag
Gold:   814        SH:  0    Dex: 25    Spells: 16/16 levels left

rFire    . . .     SeeInvis +   s - +7 spear of the Vulture {flame, Str-5 Dex+10}
rCold    + . .     Gourm    .   (no shield)
rNeg     . . .     Faith    .   (helmet restricted)
rPois    .         Spirit   .   K - amulet of regeneration
rElec    .         Reflect  .   N - ring of see invisible
rCorr    .         Harm     .   l - +2 ring of protection
MR       .....                  (no ring)
Stlth    ++++++++..             (no ring)
Regen    0.7/turn               (no ring)
MPRegen  0.2/turn               (no ring)
                                (no ring)
                                (no ring)

@: no status effects
A: almost no armour, stealthy swim, amphibious, 8 rings, constrict 8, thin
metallic scales 1, camouflage 1, cold resistance 1, weak 1, gelatinous body 1
a: Potion Petition, Call Merchant, Bribe Branch, Renounce Religion


You were on level 13 of the Dungeon.
You worshipped Gozag.
Gozag was pleased with you.
You were near starving.

You visited 1 branch of the dungeon, and saw 13 of its levels.

You collected 3794 gold pieces.
You paid 2980 gold pieces to Gozag.

Inventory:

Hand Weapons
 a - a +0 short sword
 d - a +0 blowgun
 s - the +7 spear of the Vulture (weapon) {flame, Str-5 Dex+10}
   (You found it on level 7 of the Dungeon)

   It has been specially enchanted to burn those struck by it, causing extra
   injury to most foes and up to half again as much damage against particularly
   susceptible opponents.
   It affects your strength (-5).
   It affects your dexterity (+10).
 t - a +1 dagger of venom
 v - a +2 mace of draining
 B - a +1 trident of venom
Missiles
 n - 314 stones (quivered)
 q - 5 curare-tipped needles
Jewellery
 l - a +2 ring of protection (right tentacle)
 r - an uncursed amulet of rage
 K - an amulet of regeneration (around mantle)
 N - a ring of see invisible (left tentacle)
Wands
 b - a wand of flame (1/48)
 y - a wand of polymorph (6/24)
 A - a wand of paralysis (6/24)
 H - a wand of random effects (22/48)
 L - a wand of confusion (6/48)
 R - a wand of confusion (15/48)
Scrolls
 c - a scroll of recharging
 g - 6 scrolls of remove curse
 h - 3 scrolls of teleportation {unknown}
 i - 4 scrolls of enchant armour {unknown}
 j - 3 scrolls of enchant weapon {unknown}
 m - 2 scrolls of fear {unknown}
 o - 2 scrolls of magic mapping {unknown}
 p - 3 scrolls of immolation {unknown}
 C - 3 scrolls of identify
 E - a scroll of vulnerability {unknown}
 G - a scroll of torment {unknown}
 I - a scroll of blinking
Potions
 k - 2 potions of agility
 w - 2 potions of resistance
 z - 2 potions of brilliance
 F - a potion of flight {unknown}
 J - a potion of heal wounds {unknown}
 P - a potion of magic {unknown}
 S - 2 potions of curing
Books
 e - a book of Necromancy

   Spells                             Type                      Level
   a - Pain                           Necromancy                   1
   b - Animate Skeleton               Necromancy                   1
   c - Vampiric Draining              Necromancy                   3
   d - Regeneration                   Charms/Necromancy            3
   e - Animate Dead                   Necromancy                   4
   f - Control Undead                 Necromancy                   4
 x - a book of Power

   Spells                             Type                      Level
   a - Iskenderun's Battlesphere      Conjuration/Charms           5
   b - Venom Bolt                     Conjuration/Poison           5
   c - Bolt of Magma                  Conjuration/Fire/Earth       5
   d - Iron Shot                      Conjuration/Earth            6
   e - Orb of Destruction             Conjuration                  7
   f - Spellforged Servitor           Conjuration/Summoning        7
 M - a book of Minor Magic

   Spells                             Type                      Level
   a - Magic Dart                     Conjuration                  1
   b - Blink                          Translocation                2
   c - Call Imp                       Summoning                    2
   d - Slow                           Hexes                        2
   e - Conjure Flame                  Conjuration/Fire             3
   f - Mephitic Cloud                 Conjuration/Poison/Air       3
 O - a book of Geomancy

   Spells                             Type                      Level
   a - Sandblast                      Earth                        1
   b - Passwall                       Transmutation/Earth          2
   c - Stone Arrow                    Conjuration/Earth            3
   d - Petrify                        Transmutation/Earth          4
   e - Lee's Rapid Deconstruction     Earth                        5
Comestibles
 f - 10 bread rations
 u - 10 fruits
 D - 3 meat rations
 Q - a royal jelly


   Skills:
 + Level 9.7 Fighting
 - Level 1.0 Short Blades
 - Level 4.2 Polearms
 + Level 10.2 Dodging
 - Level 16.3 Stealth
 + Level 2.7 Spellcasting
 - Level 10.3 Evocations


You had 16 spell levels left.
You didn't know any spells.

Dungeon Overview and Level Annotations

Branches:
Dungeon (13/15)            Temple (0/1) D:5            Lair (0/6) D:11
    Orc (0/2) D:9
 Vaults: D:13-14

Altars:
Ashenzari
Dithmenos
Fedhas
Gozag
Makhleb
Okawaru
Qazlal
Ru
Sif Muna
Trog
Uskayaw
The Shining One

Shops:
D:5 [   D:9 ==   D:12 (


Innate Abilities, Weirdness & Mutations

You cannot wear most types of armour.
You are very stealthy in the water. (Stealth+)
You are amphibious.
You can wear up to eight rings at the same time.
You can use your tentacles to constrict eight enemies at once.
Your skin changes colour to match your surroundings (Stealth+).
Your rubbery body absorbs attacks. (AC +1, EV +1)
You are partially covered in thin metallic scales. (AC +2)
Your flesh is cold resistant. (rC+)
You are weak. (Str -2)


Message History

You puncture the large slime creature! You burn the large slime creature.
You squeeze the large slime creature, but do no damage.
The large slime creature is severely wounded.
The large slime creature hits you!!!
* * * LOW HITPOINT WARNING * * *
Attack whom?
Press: ? - help, Dir - move target cursor, f/p - large slime creature
Aim: a large slime creature (severely wounded)
You puncture the large slime creature! You burn the large slime creature.
The large slime creature is severely wounded.
The large slime creature completely misses you.
Attack whom?
Press: ? - help, Dir - move target cursor, f/p - large slime creature
Aim: a large slime creature (severely wounded)
You hit the large slime creature. You burn the large slime creature.
Your squeeze misses the large slime creature.
The large slime creature is almost dead.
The large slime creature hits you!!
You die...
Your body crumbles into a pile of gold.

......# #...# ......#
#...# #..# ####.J#
#...# #..# #J.# #...#
##..### #.... .....
#..... .... #.J###..#
#.. #..# #..# #$# #.J#
#..# #@# #..# #..# #J#
#..# #..# #$#
#$.###..#####.#
####......J.J....####.
......$..$.............
#######################


You could see a large slime creature.

Vanquished Creatures
  Josephine (D:12)
  3 two-headed ogres
  Sonja (D:10)
  An unseen horror (D:12)
  The ghost of Isola the Carver, a novice TeGl of Okawaru (D:8)
  The ghost of M4edhros the Covert, a novice OpAr of Fedhas (D:7)
  A deep elf mage (D:12)
  A manticore (D:12)
  2 cyclopes
  2 ugly things (D:13)
  A centaur skeleton (D:13)
  2 trolls
  4 slime creatures (D:13)
  4 hippogriffs
  6 wraiths
  A shadow (D:12)
  A vampire (D:12)
  17 yaks
  A wyvern (D:13)
  A yak (shapeshifter) (D:10)
  Grum (D:9)
  A hungry ghost (D:8)
  10 orc warriors
  3 ice beasts
  6 ogres
  2 sky beasts
  A tengu (D:9)
  4 black bears
  2 phantoms
  2 wolves (D:9)
  7 centaurs
  2 crocodiles (D:12)
  2 big kobolds
  7 bullfrogs
  A wyvern zombie (D:12)
  4 scorpions
  A wyvern skeleton (D:9)
  8 killer bees
  19 wights
  5 howler monkeys
  4 crimson imps
  A bullfrog zombie (D:10)
  3 centaur zombies
  11 orc priests
  3 jellies
  3 bullfrog skeletons
  4 hounds
  3 quasits
  3 iron imps (D:4)
  4 iguanas
  16 orc wizards
  2 hell rats (D:8)
  7 worker ants
  A killer bee zombie (D:9)
  2 hound zombies
  A hound skeleton (D:4)
  A howler monkey zombie (D:8)
  17 adders
  5 river rats (D:8)
  A shadow imp (D:11)
  An adder skeleton (D:9)
  An adder zombie (D:9)
  4 worms
  3 dart slugs (D:1)
  6 leopard geckos
  60 orcs
  7 giant cockroaches
  4 goblins
  6 hobgoblins
  23 jackals
  9 quokkas
  A ball python skeleton (D:4)
  7 bats
  8 frilled lizards
  A giant cockroach zombie (D:5)
  7 kobolds
  A leopard gecko zombie (D:9)
  17 rats
398 creatures vanquished.

Vanquished Creatures (collateral kills)
  4 yaks (D:4)
  A bullfrog (D:9)
  2 wights (D:9)
  2 orc wizards (D:9)
  A worker ant (D:9)
  2 orcs
  A ball python (D:9)
  A quokka skeleton (D:4)
14 creatures vanquished.

Vanquished Creatures (others)
  2 hounds (D:5)
  2 orc wizards
4 creatures vanquished.

Grand Total: 416 creatures vanquished

Notes
Turn   | Place    | Note
-------+----------+-------------------------------------------
     0 | D:1      | M4edhros the Octopode Artificer began the quest for the Orb.
     0 | D:1      | Reached XP level 1. HP: 13/13 MP: 3/3
   213 | D:1      | Reached skill level 2 in Stealth
   222 | D:2      | Found an opulent altar of Gozag.
   279 | D:2      | Reached skill level 3 in Stealth
   279 | D:2      | Reached XP level 2. HP: 14/18 MP: 4/4
   358 | D:2      | Reached skill level 4 in Stealth
   533 | D:2      | Reached XP level 3. HP: 15/23 MP: 5/5
   802 | D:2      | Became a worshipper of Gozag Ym Sagoz the Greedy
  1017 | D:1      | Reached skill level 5 in Stealth
  1340 | D:1      | Reached XP level 4. HP: 28/28 MP: 6/6
  1787 | D:3      | Found a shadowy altar of Dithmenos.
  2035 | D:3      | Reached skill level 6 in Stealth
  2245 | D:4      | Noticed an ogre
  2253 | D:4      | Killed an ogre
  2253 | D:4      | Reached skill level 7 in Stealth
  2253 | D:4      | Reached XP level 5. HP: 33/33 MP: 7/7
  2297 | D:4      | Found a stormy altar of Qazlal.
  2314 | D:4      | Noticed a yak
  2315 | D:4      | Noticed a yak
  2315 | D:4      | Noticed a yak
  2315 | D:4      | Noticed a yak
  2318 | D:4      | Noticed a yak
  2318 | D:4      | Noticed a yak
  2329 | D:4      | Killed a yak
  2329 | D:4      | Reached skill level 8 in Stealth
  2329 | D:4      | Reached XP level 6. HP: 38/38 MP: 8/8
  2330 | D:4      | Killed a yak
  2330 | D:4      | Reached skill level 9 in Stealth
  2333 | D:4      | Killed a yak
  2333 | D:4      | Killed a yak
  2333 | D:4      | Reached skill level 10 in Stealth
  2333 | D:4      | Reached XP level 7. HP: 43/43 MP: 9/9
  2334 | D:4      | Killed a yak
  2340 | D:4      | Killed a yak
  2340 | D:4      | Reached skill level 11 in Stealth
  2840 | D:4      | Reached XP level 8. HP: 39/48 MP: 10/10
  3113 | D:4      | Found a burning altar of Makhleb.
  3126 | D:4      | Reached skill level 12 in Stealth
  3269 | D:5      | Entered Level 5 of the Dungeon
  3923 | D:5      | HP: 2/51 [orc priest/divine providence (12)]
  4276 | D:5      | Found a bloodstained altar of Trog.
  4870 | D:5      | Found a staircase to the Ecumenical Temple.
  4910 | D:5      | Found a blossoming altar of Fedhas.
  5349 | D:6      | Found a shattered altar of Ashenzari.
  5556 | D:6      | Found an iron altar of Okawaru.
  5664 | D:6      | Reached skill level 5 in Evocations
  5675 | D:6      | Reached XP level 9. HP: 39/57 MP: 12/12
  5699 | D:6      | Found a glowing golden altar of the Shining One.
  5840 | D:6      | Gained mutation: Your mind is acute. (Int +2) [potion of mutation]
  5840 | D:6      | Gained mutation: You are frail. (-10% HP) [potion of mutation]
  5840 | D:6      | Lost mutation: You are frail. (-10% HP) [potion of mutation]
  5840 | D:6      | Gained mutation: You are partially covered in rugged brown scales. (AC +1, +3% HP) [potion of mutation]
  5988 | D:6      | Found a deep blue altar of Sif Muna.
  6066 | D:7      | Noticed M4edhros's ghost (novice OpAr)
  6168 | D:7      | Found a bloodstained altar of Trog.
  6545 | D:7      | Got an encrusted spear
  6546 | D:7      | Identified the +7 spear of the Vulture {flame, Str-5 Dex+10} (You found it on level 7 of the Dungeon)
  6557 | D:7      | Reached skill level 13 in Stealth
  6842 | D:7      | Killed M4edhros's ghost
  6842 | D:7      | Reached skill level 5 in Dodging
  6854 | D:7      | Reached skill level 5 in Fighting
  7341 | D:7      | Reached XP level 10. HP: 47/67 MP: 15/15
  8252 | D:8      | Noticed Isola's ghost (novice TeGl)
  8260 | D:8      | Killed Isola's ghost
  8260 | D:8      | Reached skill level 14 in Stealth
  8831 | D:8      | Noticed a two-headed ogre
  8838 | D:8      | Killed a two-headed ogre
  9191 | D:8      | Found a hide-covered altar of Uskayaw.
  9691 | D:9      | Found a sacrificial altar of Ru.
  9968 | D:9      | Noticed Grum
 10203 | D:9      | Reached XP level 11. HP: 42/76 MP: 17/17
 10568 | D:9      | Found a staircase to the Orcish Mines.
 10661 | D:9      | Killed Grum
 10786 | D:10     | Entered Level 10 of the Dungeon
 10980 | D:10     | Reached skill level 15 in Stealth
 11278 | D:10     | Noticed Sonja
 11294 | D:10     | Killed Sonja
 11625 | D:11     | Reached skill level 1 in Polearms
 11749 | D:11     | Lost mutation: Your mind is acute. (Int +2) [potion of mutation]
 11749 | D:11     | Lost mutation: You are partially covered in rugged brown scales. (AC +1, +3% HP) [potion of mutation]
 11749 | D:11     | Gained mutation: You are somewhat resistant to further mutation. [potion of mutation]
 11749 | D:11     | Gained mutation: You are partially covered in thin metallic scales. (AC +2) [potion of mutation]
 12001 | D:11     | Noticed a cyclops
 12016 | D:11     | Killed a cyclops
 12239 | D:11     | Found a staircase to the Lair.
 12431 | D:12     | Noticed an unseen horror
 12453 | D:12     | Killed an unseen horror
 12585 | D:12     | Noticed a two-headed ogre
 12605 | D:12     | Killed a two-headed ogre
 12605 | D:12     | Reached XP level 12. HP: 80/83 MP: 19/19
 12766 | D:12     | Reached skill level 10 in Evocations
 12813 | D:12     | HP: 3/83 [wraith (12)]
 12926 | D:12     | Noticed Josephine
 12940 | D:12     | Killed Josephine
 13082 | D:12     | Reached skill level 16 in Stealth
 13524 | D:12     | Lost mutation: You are partially covered in thin metallic scales. (AC +2) [potion of mutation]
 13524 | D:12     | Lost mutation: You are somewhat resistant to further mutation. [potion of mutation]
 13524 | D:12     | Gained mutation: You are clumsy. (Dex -2) [potion of mutation]
 13524 | D:12     | Gained mutation: Your spells are a little easier to cast, but a little less powerful. [potion of mutation]
 13524 | D:12     | Gained mutation: You are partially covered in slimy green scales. (AC +2) [potion of mutation]
 13632 | D:9      | Lost mutation: Your spells are a little easier to cast, but a little less powerful. [potion of mutation]
 13632 | D:9      | Lost mutation: You are clumsy. (Dex -2) [potion of mutation]
 13632 | D:9      | Lost mutation: You are partially covered in slimy green scales. (AC +2) [potion of mutation]
 13632 | D:9      | Gained mutation: You are weak. (Str -2) [potion of mutation]
 13632 | D:9      | Gained mutation: You are partially covered in thin metallic scales. (AC +2) [potion of mutation]
 13632 | D:9      | Gained mutation: Your flesh is cold resistant. (rC+) [potion of mutation]
 13975 | D:13     | Noticed a two-headed ogre
 14047 | D:13     | Killed a two-headed ogre
 14128 | D:13     | Reached skill level 1 in Spellcasting
 14322 | D:13     | Reached skill level 10 in Dodging
 14578 | D:13     | Slain by a large slime creature

Vault maps used:
D:1:      ncdulo_smallfort
D:2:      nicolae_gozag_seed_capital, serial_forest, infiniplex_forest_lined_2,
          infiniplex_forest_clump_tiny, infiniplex_forest_lined_1,
          infiniplex_forest_join, infiniplex_forest_straight_2,
          infiniplex_forest_lined_room_, infiniplex_forest_clump_diagonal,
          infiniplex_forest_clump_double, serial_bayou_ford_a, nrook_mini_vaults
D:3:      overflow_temple_1_default
D:4:      demons_altar, first_bread, nicolae_qazlal_general_emergency
D:5:      lightli_temple_of_fire, minmay_temple_entry_fiery, basic_altar
D:6:      kennysheep_okawaru_gauntlet, tso_metal_star, lemuel_doored_altar,
          lemuel_blue_sif_altar
D:7:      grunt_ogre_cave, bloody_trog
D:8:      lemuel_ratsnest, eat_drink_and_be_merry_uskayaw
D:9:      nicolae_ru_great_annihilating_truth, david_orc_4, bh_walls_and_bars,
          uniq_grum
D:10:     uniq_sonja
D:11:     lair_entry_dummy, minivault_22
D:12:     uniq_josephine
D:13:     nrook_guardian_serpent_ordinary

Skill      XL: |  1  2  3  4  5  6  7  8  9 10 11 12 |
---------------+-------------------------------------+-----
Stealth        | 3 4 5 7 8 10 11 12 13 14 15 16 | 16.3
Fighting       | 3 5 6 8 9 |  9.7
Evocations     | 5 6 8 9 10 | 10.3
Dodging        | 3 5 7 8 10 | 10.2
Polearms       | 3 4 |  4.2
Spellcasting   | 2 |  2.7
Short Blades   | |  1.0

Action                   |  1- 3 |  4- 6 |  7- 9 | 10-12 || total
-------------------------+-------+-------+-------+-------++-------
Melee: Short sword       |    80 |    41 |       |       ||   121
       Constrict         |    20 |     7 |    46 |   112 ||   185
       Tentacles         |    13 |    14 |    54 |   247 ||   328
       Mace              |       |     3 |   113 |       ||   116
       Dagger            |       |       |    65 |     2 ||    67
       Spear             |       |       |    74 |   989 ||  1063
Throw: Stone             |       |       |       |     2 ||     2
Invok: Call Merchant     |       |       |     1 |     3 ||     4
Evoke: Wand              |       |     6 |    29 |    36 ||    71
  Use: Potion            |       |     3 |     4 |    14 ||    21
       Scroll            |       |       |     5 |     9 ||    14
 Stab: Sleeping          |    11 |     7 |    19 |    46 ||    83
       Distracted        |     1 |     2 |     3 |    23 ||    29
       Betrayed ally     |       |       |     1 |       ||     1
       Paralysed         |       |       |     1 |    10 ||    11
       Confused          |       |       |       |    29 ||    29
  Eat: Meat ration       |     1 |       |     2 |     4 ||     7
       Royal jelly       |       |       |     1 |     1 ||     2
       Bread ration      |       |       |     1 |       ||     1
Armor: Skin              |    12 |     3 |    14 |    42 ||    71
Dodge: Dodged            |    56 |    13 |   226 |   559 ||   854
